 Dungeon Crawl Stone Soup version 0.18-a0-1229-ge9a1a01 (webtiles) character file.

3251 4thArraOfDagon the Grappler (level 9, -13/75 HPs)
             Began as a Troll Arcane Marksman on Feb 4, 2016.
             Was an Elder of Okawaru.
             Blown up by Pikel (21 damage)
             ... with a wand of disintegration
             ... on level 7 of the Dungeon.
             The game lasted 00:08:53 (1549 turns).

4thArraOfDagon the Grappler (Troll Arcane Marksman) Turns: 1549, Time: 00:08:54

Health: -13/75     AC:  8    Str: 24    XL:     9   Next: 67%
Magic:  12/12      EV: 12    Int:  9    God:    Okawaru [****..]
Gold:   199        SH:  0    Dex: 11    Spells: 1 memorised, 9 levels left

rFire  . . .     SeeInvis .       - Unarmed
rCold  . . .     Gourm    +     a - +0 robe
rNeg   . . .     Faith    .     (no shield)
rPois  .         Spirit   .     (helmet restricted)
rElec  .         Dismiss  .     d - +1 cloak
rCorr  .         Reflect  .     (gloves unavailable)
SustAt .         Harm     .     (boots unavailable)
MR     .....     Rnd*Tele +     (no amulet)
Stlth  ++........               (no ring)
                                (no ring)

@: heroism, not resistant to hostile enchantments, unstealthy
A: unfitting armour, claws 3, agile 1, deterioration 1, fast metabolism 3,
gourmand, regeneration 2, shaggy fur 1, teleportitis 1, tough skin 2, sturdy
frame 1
a: Heroism, Renounce Religion


You were on level 7 of the Dungeon.
You worshipped Okawaru.
Okawaru was greatly pleased with you.
You were full.

You visited 2 branches of the dungeon, and saw 10 of its levels.

You collected 199 gold pieces.

Inventory:

Hand Weapons
 g - a +0 giant spiked club
Missiles
 s - 3 large rocks (quivered)
Armour
 a - a +0 robe (worn)
 d - a +1 cloak (worn)
 n - a +2 robe of magic resistance
Scrolls
 k - 4 scrolls of remove curse
 r - a scroll of noise {unknown}
Potions
 c - a potion of heal wounds {unknown}
 e - a potion of haste {unknown}
 h - 2 potions of might {unknown}
 i - 2 potions of curing {unknown}
 l - a potion of poison {unknown}
 m - a potion of lignification
 o - a potion of cure mutation {unknown}
Books
 b - a book of Debilitation

   Spells                             Type                      Level
   a - Corona                         Hexes                        1
   b - Slow                           Hexes                        2
   c - Gell's Gravitas                Hexes/Translocation          3
   d - Inner Flame                    Hexes/Fire                   3
   e - Cause Fear                     Hexes                        4
   f - Leda's Liquefaction            Hexes/Earth                  4
 t - a book of Clouds

   Spells                             Type                      Level
   a - Mephitic Cloud                 Conjuration/Poison/Air       3
   b - Conjure Flame                  Conjuration/Fire             3
   c - Poisonous Cloud                Conjuration/Poison/Air       6
   d - Freezing Cloud                 Conjuration/Ice/Air          6
   e - Ring of Flames                 Charms/Fire                  7
Comestibles
 f - 3 bread rations
 j - a slice of pizza
 p - 5 fruits


   Skills:
 - Level 0.7(5.7) Fighting
 - Level 1.7(6.7) Throwing
 + Level 3.1(8.1) Armour
 - Level 1.5(6.5) Dodging
 * Level 11.0(16.0) Unarmed Combat
 - Level 1.0 Spellcasting
 - Level 2.0 Hexes
 + Level 6.0 Invocations


You had 9 spell levels left.
You knew the following spells:

 Your Spells              Type           Power        Failure   Level  Hunger
a - Corona                Hex            #......      17%         1    ##.....


Dungeon Overview and Level Annotations

Branches:
Dungeon (9/15)             Temple (1/1) D:7
   Lair: D:8-11         Orc: D:9-12

Altars:
Dithmenos
Elyvilon
Gozag
Makhleb
Okawaru
Qazlal
Trog
Vehumet
Xom
Yredelemnul
Zin
The Shining One

Annotations:
D:7 Pikel


Innate Abilities, Weirdness & Mutations

You are too large for most types of armour.
You have claws for hands.
Your metabolism is lightning-fast.
You like to eat raw meat.
You heal very quickly.
You are covered in fur (AC +1).
You have very tough skin (AC +2).
You are agile. (Dex +2)
Your body sometimes deteriorates upon taking damage.
You are occasionally teleported next to monsters.
Your movements are slightly less encumbered by armour (ER -2).


Message History

* * * LOW HITPOINT WARNING * * *
Pikel burns you.
* * * LOW HITPOINT WARNING * * *
Unknown command.
Unknown command.
Unknown command.
Found a papyrus book.
Unknown command.
You barely miss Pikel.
Pikel is almost dead.
Pikel says, "It's all about the gold, really."
Pikel barely misses you.
Unknown command.
Unknown command.
You scratch Pikel.
Pikel is almost dead.
Unknown command.
Unknown command.
Pikel zaps a wand.
You are blasted!
You die...

######### ## .. ####
.......... .###.# ###...
.................
......##.....#...#.#...#
#...>#......#.#...#.#
##.......#...#.....#
#........#..#@....#
##....#...###.....#
##.#..#..#.K#...#..#
#.....###p..#.#...#
#....#..p#...#...#:
#+#.#.....#..#..#..
..........### #...
....#.....#..# #..
<......#...#...# #.


You could see Pikel and 2 slaves.

Vanquished Creatures
  Erica (D:8)
  The ghost of FrancescoMac the Covered, a novice HOFi (D:5)
  Prince Ribbit (D:6)
  A vampire (D:8)
  A wyvern (D:9)
  A hippogriff (D:7)
  Edmund (D:5)
  4 ogres
  2 centaurs
  A giant frog (D:5)
  A gnoll sergeant (D:7)
  2 scorpions (D:5)
  A giant frog zombie (D:8)
  A gnoll shaman (D:6)
  2 hounds (D:5)
  5 orc wizards
  2 orc priests
  A jelly (D:8)
  4 worker ants
  11 gnolls
  7 adders
  A shadow imp (D:5)
  An ooze (D:5)
  2 adder skeletons
  An adder zombie (D:6)
  5 giant geckos
  11 orcs
  3 giant cockroaches
  6 jackals
  A quokka (D:6)
  A ball python (D:4)
  2 bats
  A giant cockroach zombie (D:5)
  2 giant newts
  A jackal skeleton (D:5)
  4 rats
93 creatures vanquished.

Notes
Turn   | Place    | Note
--------------------------------------------------------------
     0 | D:1      | 4thArraOfDagon the Troll Arcane Marksman began the quest for the Orb.
     0 | D:1      | Reached XP level 1. HP: 18/18 MP: 1/1
    56 | D:2      | Reached skill level 1 in Unarmed Combat
   108 | D:2      | Reached XP level 2. HP: 5/26 MP: 2/2
   288 | D:5      | Entered Level 5 of the Dungeon
   291 | D:5      | Noticed Edmund
   299 | D:4      | Reached XP level 3. HP: 32/32 MP: 3/3
   357 | D:4      | Gained mutation: Your body sometimes deteriorates upon taking damage. [potion of mutation]
   357 | D:4      | Gained mutation: You are occasionally teleported next to monsters. [potion of mutation]
   357 | D:4      | Gained mutation: You are agile. (Dex +2) [potion of mutation]
   368 | D:4      | Reached skill level 3 in Unarmed Combat
   425 | D:4      | Noticed an ogre
   436 | D:4      | Killed an ogre
   436 | D:4      | Reached skill level 4 in Unarmed Combat
   436 | D:4      | Reached XP level 4. HP: 40/40 MP: 0/4
   447 | D:4      | Reached XP level 5. HP: 31/46 MP: 1/5
   451 | D:4      | Reached skill level 5 in Unarmed Combat
   572 | D:6      | Reached XP level 6. HP: 54/54 MP: 6/6
   583 | D:7      | Found a staircase to the Ecumenical Temple.
   590 | Temple   | Entered the Ecumenical Temple
   640 | Temple   | Became a worshipper of Warmaster Okawaru
   655 | D:7      | Noticed a hippogriff
   670 | D:7      | Killed a hippogriff
   670 | D:7      | Reached skill level 6 in Unarmed Combat
   670 | D:7      | Reached skill level 1 in Invocations
   814 | D:6      | Reached * piety under Okawaru
   821 | D:6      | Reached XP level 7. HP: 48/61 MP: 7/7
   833 | D:6      | Reached skill level 7 in Unarmed Combat
   860 | D:6      | Noticed Prince Ribbit
   887 | D:6      | Killed Prince Ribbit
   914 | D:5      | Noticed FrancescoMac's ghost (novice HOFi)
   924 | D:5      | Killed FrancescoMac's ghost
   924 | D:5      | Reached ** piety under Okawaru
   924 | D:5      | Reached skill level 8 in Unarmed Combat
   924 | D:5      | Reached XP level 8. HP: 42/68 MP: 6/10
   952 | D:5      | Reached skill level 9 in Unarmed Combat
  1031 | D:5      | Killed Edmund
  1059 | D:5      | Reached *** piety under Okawaru
  1173 | D:5      | Reached skill level 1 in Armour
  1241 | D:7      | Reached skill level 10 in Unarmed Combat
  1241 | D:7      | Reached skill level 5 in Invocations
  1283 | D:7      | Reached XP level 9. HP: 59/75 MP: 11/11
  1390 | D:8      | Gained mutation: Your movements are slightly less encumbered by armour (ER -2). [potion of beneficial mutation]
  1432 | D:8      | Noticed Erica
  1440 | D:8      | Killed Erica
  1440 | D:8      | Reached **** piety under Okawaru
  1487 | D:8      | Reached skill level 11 in Unarmed Combat
  1520 | D:7      | Noticed Pikel
  1549 | D:7      | Blown up by Pikel

Vault maps used:
D:1:      lightli_iron_boxes, st_stairs_14
D:2:      kennysheep_the_goblin_king
D:3:      led_sif_book, tgw_fedhas
D:4:      first_bread, hangedman_decor_opposing, uniq_blork_the_orc
D:5:      st_stairs_4, uniq_edmund
D:6:      kiku_gazebo_garden_becter, uniq_prince_ribbit1
D:7:      minmay_temple_entry_junction2, grunt_ogre_cave,
          minmay_splitting_lines, uniq_pikel
D:8:      cheibriados_altar_wand_db, serial_bayou_pond_e, uniq_psyche,
          uniq_maurice, uniq_erica
D:9:      kennysheep_little_box, kennysheep_mini,
          nicolae_overflow_hidden_temple, lemuel_coloured_pillars_altar,
          hex_medium, kennysheep_pointless_box, uniq_joseph
Temple:   zaba_magenta_temple_12

Action                   |  1- 3 |  4- 6 |  7- 9 || total
-------------------------+-------+-------+-------++-------
Melee: Unarmed           |    66 |    62 |   177 ||   305
Throw: Large rock        |     3 |     6 |     5 ||    14
       Throwing net      |     1 |     1 |       ||     2
 Cast: Corona            |     3 |       |       ||     3
Invok: Heroism           |       |       |     7 ||     7
  Use: Scroll            |     5 |       |     2 ||     7
       Potion            |     1 |       |     1 ||     2
 Stab: Sleeping          |       |     1 |       ||     1
  Eat: Chunk             |     8 |     2 |     8 ||    18
